 Dungeon Crawl Stone Soup version 0.28-a0-1429-gf3d713df7a (webtiles) character file.

Game seed: 1917848725107390035

625 flotson the Chopper (level 7, -2/53 HPs)
             Began as a Demonspawn Gladiator on Jan 9, 2022.
             Slain by a water moccasin (4 damage)
             ... on level 5 of the Dungeon.
             The game lasted 00:05:56 (4086 turns).

flotson the Chopper (Demonspawn Gladiator)          Turns: 4086, Time: 00:05:56

Health: -2/53      AC:  9    Str: 16 (17) XL:     7   Next: 23%
Magic:  7/7        EV: 10    Int: 12 (13) God:
Gold:   342        SH:  0    Dex: 11 (14) Spells: 6/6 levels left

rFire   . . .      SeeInvis .   s - +1 whip (distort)
rCold   . . .      Faith    .   (no shield)
rNeg    . . .      Spirit   .   h - +0 scale mail
rPois   .          Reflect  .   c - +0 helmet
rElec   .          Harm     .   (no cloak)
rCorr   .          Rampage  .   b - +0 pair of gloves
Will    .....                   (no boots)
Stlth   ..........              (no amulet)
HPRegen 0.17/turn               (no ring)
MPRegen 0.10/turn               (no ring)

@: no status effects
A: ignite blood 1, big brain 2
a: no special abilities


You were on level 5 of the Dungeon.
You visited 1 branch of the dungeon, and saw 5 of its levels.

You collected 342 gold pieces.

Inventory:

Hand Weapons
 s - a +1 whip of distortion (weapon)
Missiles
 d - 4 throwing nets
 j - 17 poisoned darts (quivered)
 u - a boomerang
Armour
 b - a +0 pair of gloves (worn)
 c - a +0 helmet (worn)
 h - a +0 scale mail (worn)
Scrolls
 e - 3 scrolls of enchant armour {unknown}
 f - 2 scrolls of fear {unknown}
 k - a scroll of identify {unknown}
 l - a scroll of fog {unknown}
 o - 2 scrolls of teleportation {unknown}
 q - a scroll of holy word {unknown}
 t - a scroll of enchant weapon {unknown}
 v - a scroll of amnesia {unknown}
Potions
 a - a potion of mutation {unknown}
 g - a potion of heal wounds {unknown}
 i - a potion of magic {unknown}
 m - a potion of degeneration
 n - 2 potions of lignification {unknown}
 p - a potion of attraction {unknown}
 r - a potion of might {unknown}


   Skills:
 + Level 3.9 Fighting
 + Level 4.1 Axes
 + Level 3.6 Throwing
 + Level 2.8 Armour
 + Level 4.1 Dodging


You had 6 spell levels left.
You didn't know any spells.
Your spell library contained the following spells:

 Spells                   Type           Power      Damage    Failure   Level
 Dazzling Flash           Conj/Hex       0%         N/A       98%         3
 Iskenderun's Mystic Bla  Conj/Tloc      0%         2d3       100%        4
 Starburst                Conj/Fire      0%         6d3       100%        6


Dungeon Overview and Level Annotations

Branches:
Dungeon (5/15)
 Temple: D:4-7

Altars:
Ru


Innate Abilities, Weirdness & Mutations

Your demonic aura sometimes causes spilled blood to erupt in flames.
You have an extremely huge brain. (Int +4)


Message History

The ufetubus barely misses you. x2
You hit the scorpion.
Space warps horribly around the scorpion!!
You kill the scorpion!
The ufetubus hits you but does no damage.
The ufetubus closely misses you. The ufetubus hits you.
The ufetubus hits you but does no damage.
The water moccasin barely misses you.
You barely miss the water moccasin. The ufetubus closely misses you.
The ufetubus hits you.
* * * LOW HITPOINT WARNING * * *
The water moccasin closely misses you.
You miss the water moccasin. The ufetubus barely misses you.
The ufetubus closely misses you.
The water moccasin bites you but does no damage.
The ufetubus hits you but does no damage. x2
You hit the water moccasin.
Space warps around the water moccasin.
The water moccasin is moderately wounded.
The water moccasin closely misses you. The ufetubus hits you.
* * * LOW HITPOINT WARNING * * *
The ufetubus hits you.
* * * LOW HITPOINT WARNING * * *
The water moccasin bites you but does no damage.
You closely miss the water moccasin. Your punch misses the water moccasin.
The water moccasin is moderately wounded.
The ufetubus closely misses you. The ufetubus hits you.
* * * LOW HITPOINT WARNING * * *
The water moccasin bites you but does no damage.
The ufetubus hits you but does no damage. x2
You barely miss the water moccasin.
The water moccasin is moderately wounded.
The water moccasin bites you.
* * * LOW HITPOINT WARNING * * *
The ufetubus barely misses you.
The ufetubus hits you but does no damage.
It was a potion of degeneration.
There was something very wrong with that liquid.
You feel weakened.
You feel dopey.
You feel clumsy. The water moccasin bites you.
You die...

#.........# #.........#
#.........# #.........#
#.........# #.........#
#.........###
#..........)####
#........)#5@S.##
#.........####..# ######
###..##.......#>#
##.....#.
##.########...####........
##...## ###.s......(....
##.....## ###...........
###...†...### ###.........
#....._.....# #.......(.
#.#.......#.# #.........


You could see a water moccasin and an ufetubus.

Vanquished Creatures
  A phantom (D:5)
  3 scorpions
  2 hounds
  Terence (D:3)
  5 orc wizards
  A hound skeleton (D:4)
  4 adders
  A white imp (D:5)
  2 adder skeletons (D:4)
  2 worms (D:2)
  4 dart slugs
  14 orcs
  3 bats
  5 endoplasms
  4 giant cockroaches
  4 goblins
  5 hobgoblins
  2 jackals (D:1)
  3 quokkas
  10 ball pythons
  5 frilled lizards
  10 kobolds
  4 rats
95 creatures vanquished.

Notes
Turn   | Place    | Note
-------+----------+-------------------------------------------
     0 | D:1      | flotson the Demonspawn Gladiator began the quest for the
                  | Orb.
     0 | D:1      | Reached XP level 1. HP: 16/16 MP: 1/1
    44 | D:1      | Found a faded altar of an unknown god.
   180 | D:1      | Gained mutation: You have an unusually large brain. (Int
                  | +2) [demonic ancestry]
   180 | D:1      | Reached XP level 2. HP: 20/22 MP: 2/2
   978 | D:2      | Gained mutation: Your demonic aura sometimes causes spilled
                  | blood to erupt in flames. [demonic ancestry]
   978 | D:2      | Reached XP level 3. HP: 28/28 MP: 3/3
  1093 | D:2      | Reached skill level 1 in Armour
  1773 | D:3      | Reached XP level 4. HP: 26/34 MP: 4/4
  2033 | D:3      | Noticed Terence
  2066 | D:3      | Killed Terence
  2385 | D:3      | Gained mutation: You have an extremely huge brain. (Int +4)
                  | [demonic ancestry]
  2385 | D:3      | Reached XP level 5. HP: 40/40 MP: 5/5
  3059 | D:3      | Reached XP level 6. HP: 24/47 MP: 6/6
  3845 | D:5      | Entered Level 5 of the Dungeon
  3876 | D:5      | Found a sacrificial altar of Ru.
  4054 | D:5      | Noticed a water moccasin
  4059 | D:5      | Reached XP level 7. HP: 45/53 MP: 7/7
  4085 | D:5      | HP: 2/53 [water moccasin (6)]
  4086 | D:5      | Slain by a water moccasin

Illustrated notes

Levels and vault maps discovered:
D:1:      erik_arrival_blinker_ship, layout_basic,
          ebering_ecumenical_altar_hall, kennysheep_decorative_pillar
D:2:      layout_rooms
D:3:      layout_rooms, uniq_terence
D:4:      layout_gridville, kennysheep_opposing_triangles
D:5:      minmay_chambers_of_fours, layout_rooms, lemuel_round_altar,
          kennysheep_generic_room_5

Skill      XL: |  1  2  3  4  5  6 |
---------------+-------------------+-----
Throwing       | 2 3 |  3.6
Axes           | 3 4 |  4.1
Dodging        | 3 4 |  4.1
Armour         | 1 2 |  2.8
Fighting       | 3 |  3.9

Action                   |  1- 3 |  4- 6 |  7- 9 || total
-------------------------+-------+-------+-------++-------
Melee: War axe           |    27 |       |       ||    27
       Short sword       |   109 |    21 |       ||   130
       Whip              |       |    98 |    18 ||   116
       Punch             |       |     1 |       ||     1
Throw: Dart              |       |    13 |       ||    13
  Use: Potion            |       |       |     1 ||     1
 Stab: Distracted        |       |     1 |       ||     1
Armor: Scale mail        |    77 |    67 |    28 ||   172
Dodge: Dodged            |    92 |    59 |    28 ||   179

Table legend: (Time is in decaauts)
 A = Elapsed time spent in this place.
 B = Non-inter-level travel time spent in this place.
 C = Inter-level travel time spent in this place.
 D = Time resting spent in this place.
 E = Time spent auto-exploring this place.
 F = Levels seen in this place.
 G = Mean time per level.
                   A        B        C        D        E       F      G
               +--------+--------+--------+--------+--------+-----+--------+
         Total |   4111 |   4010 |    101 |    467 |   2809 |   5 |  822.2 |
       Dungeon |   4111 |   4010 |    101 |    467 |   2809 |   5 |  822.2 |
               +--------+--------+--------+--------+--------+-----+--------+

Top non-repeatable levels by time:
     D:3: 1278 daAuts
     D:1: 962 daAuts
     D:4: 861 daAuts
     D:2: 786 daAuts
     D:5: 221 daAuts
